 Dungeon Crawl Stone Soup version 0.30-a0-168-g0b976cbdc4 (webtiles) character file.

Game seed: 10688160679207256308

105 Hubris850 the Chopper (level 4, -2/40 HPs)
             Began as a Hill Orc Fighter on Sept 29, 2022.
             Slain by Grinder (5 damage)
             ... on level 3 of the Dungeon.
             The game lasted 00:03:34 (2028 turns).

Hubris850 the Chopper (Hill Orc Fighter)            Turns: 2028, Time: 00:03:35

Health: -2/40      AC:  8    Str: 20    XL:     4   Next: 83%
Magic:  4/4        EV:  9    Int:  8    God:
Gold:   115        SH:  4    Dex: 10    Spells: 3/3 levels left

rFire   . . .      SeeInvis .    a - +0 war axe
rCold   . . .      Faith    .    c - +0 buckler
rNeg    . . .      Spirit   .    b - +0 scale mail
rPois   .          Reflect  .    (no helmet)
rElec   .          Harm     .    (no cloak)
rCorr   .          Rampage  .    p - +0 pair of gloves
Will    .....                    (no boots)
Stlth   ..........               (no amulet)
HPRegen 0.13/turn                (no ring)
MPRegen 0.09/turn                (no ring)

@: mighty
A: no striking features
a: no special abilities


You were on level 3 of the Dungeon.
You visited 1 branch of the dungeon, and saw 3 of its levels.

You collected 115 gold pieces.

Inventory:

Hand Weapons
 a - a +0 war axe (weapon)
Armour
 b - a +0 scale mail (worn)
 c - a +0 buckler (worn)
 p - a +0 pair of gloves (worn)
Scrolls
 e - 2 scrolls of enchant armour {unknown}
 h - a scroll of butterflies {unknown}
 i - 3 scrolls of enchant weapon {unknown}
 j - a scroll of blinking {unknown}
 k - 3 scrolls of identify {unknown}
 n - a scroll of brand weapon {unknown}
 o - a scroll of teleportation {unknown}
 q - 3 scrolls of immolation {unknown}
Potions
 d - a potion of might
 f - a potion of lignification {unknown}
 g - a potion of haste {unknown}
 l - a potion of heal wounds {unknown}
 m - a potion of mutation {unknown}


   Skills:
 - Level 4.0 Fighting
 + Level 4.9 Axes
 - Level 4.0 Armour
 - Level 4.0 Shields


You had 3 spell levels left.
You didn't know any spells.
Your spell library contained the following spells:

 Spells                   Type           Power      Damage    Failure   Level
 Call Canine Familiar     Summ           0%         N/A       99%         3
 Portal Projectile        Hex/Tloc       0%         N/A       99%         3
 Leda's Liquefaction      Hex/Erth       0%         N/A       100%        4


Dungeon Overview and Level Annotations

Branches:
Dungeon (3/15)

Altars:

Shops:
D:2 :

Annotations:
D:3 Grinder


Message History

The jackal attacks as you move away!
The jackal bites you but does no damage.
You see here 4 gold pieces.
Grinder blinks!
The jackal bites you.
You feel very mighty all of a sudden. The jackal closely misses you.
The jackal bites you.
The jackal bites you but does no damage.
You slash the jackal!
You kill the jackal!
You hit the jackal.
You kill the jackal!
You closely miss the jackal.
The jackal bites you but does no damage. x2
You closely miss the jackal.
The jackal bites you but does no damage.
The jackal misses you.
You closely miss the jackal. The jackal misses you.
The jackal bites you but does no damage.
You slash the jackal!
You kill the jackal!
Grinder gestures at you. Pain shoots through your body!
Grinder blinks!
Things that are here:
4 gold pieces; a jackal corpse Grinder gestures at you.
Pain shoots through your body! Grinder barely misses you.
You slash Grinder!
Grinder is moderately wounded.
Grinder hits you!
* * * LOW HITPOINT WARNING * * *
You writhe in agony.
* * * LOW HITPOINT WARNING * * *
You slash Grinder!
Grinder is severely wounded.
Grinder hits you.
* * * LOW HITPOINT WARNING * * *
You writhe in agony.
You die...

......##.......##
#..........[#
#...........#
#............
###............
#..............
######$#.....)......
##...#........######
#...)@........#
......)5........#
................#
..?.............###
.....)............#
...............##.###
....###>............####
.... ..................
..................


You could see Grinder.

Vanquished Creatures
  Jessica (D:3)
  Terence (D:2)
  A dart slug (D:1)
  An orc (D:3)
  4 ball pythons
  4 bats
  4 endoplasms
  2 giant cockroaches (D:2)
  8 goblins
  3 hobgoblins
  5 jackals
  A frilled lizard (D:2)
  5 kobolds
  4 rats (D:1)
44 creatures vanquished.

Notes
Turn   | Place    | Note
-------+----------+-------------------------------------------
     0 | D:1      | Hubris850 the Hill Orc Fighter began the quest for the Orb.
     0 | D:1      | Reached XP level 1. HP: 19/19 MP: 1/1
   165 | D:1      | Reached XP level 2. HP: 27/27 MP: 2/2
   469 | D:1      | Reached XP level 3. HP: 33/33 MP: 3/3
   579 | D:1      | Found a faded altar of an unknown god.
  1115 | D:2      | Noticed Terence
  1122 | D:2      | Killed Terence
  1123 | D:2      | Reached XP level 4. HP: 24/40 MP: 4/4
  1686 | D:2      | Found Omuijaod's Book Emporium.
  1752 | D:3      | Noticed Jessica
  1772 | D:3      | Killed Jessica
  2010 | D:3      | Noticed Grinder
  2012 | D:3      | Paralysed by Grinder for 2 turns
  2028 | D:3      | Slain by Grinder

Illustrated notes

Levels and vault maps discovered:
D:1:      dpeg_arrival_line_fractal, layout_basic, basic_ecumenical_altar
D:2:      layout_loops_ring, serial_shops, nicolae_shop_hallway_stairs,
          uniq_terence
D:3:      layout_rooms, kennysheep_orc_sif_temple, uniq_grinder, uniq_sigmund,
          uniq_jessica

Skill      XL: |  1  2  3  4 |
---------------+-------------+-----
Axes           | 3 4 |  4.9
Fighting       | 4 |  4.0
Armour         | 4 |  4.0
Shields        | 4 |  4.0

Action                   |  1- 3 |  4- 6 || total
-------------------------+-------+-------++-------
Melee: War axe           |    81 |    49 ||   130
  Use: Potion            |     1 |     1 ||     2
Armor: Scale mail        |    41 |    33 ||    74
Dodge: Dodged            |    54 |    30 ||    84
Block: Buckler           |    19 |    14 ||    33

Table legend: (Time is in decaauts)
 A = Elapsed time spent in this place.
 B = Non-inter-level travel time spent in this place.
 C = Inter-level travel time spent in this place.
 D = Time resting spent in this place.
 E = Time spent auto-exploring this place.
 F = Levels seen in this place.
 G = Mean time per level.
                   A        B        C        D        E       F      G
               +--------+--------+--------+--------+--------+-----+--------+
         Total |   2076 |   1956 |    120 |      0 |   1604 |   3 |  692.0 |
       Dungeon |   2076 |   1956 |    120 |      0 |   1604 |   3 |  692.0 |
               +--------+--------+--------+--------+--------+-----+--------+

Top non-repeatable levels by time:
     D:1: 997 daAuts
     D:2: 770 daAuts
     D:3: 307 daAuts
